 Dungeon Crawl Stone Soup version 0.30.0-10-gfe55d96785 (webtiles) character file.

Game seed: 1406524127121735461

1 GigaChad the Firebug (level 1, -2/9 HPs)
             Began as a Vine Stalker Fire Elementalist on May 15, 2023.
             Slain by a rat (3 damage)
             ... on level 1 of the Dungeon.
             The game lasted 00:00:22 (71 turns).

GigaChad the Firebug (Vine Stalker Fire Elementalist) Turns: 71, Time: 00:00:22

Health: -2/9       AC:  2    Str: 10    XL:     1   Next: 20%
Magic:  0/4        EV: 12    Int: 15    God:
Gold:   0          SH:  0    Dex: 14    Spells: 3/4 levels left

rFire   . . .        (no weapon)
rCold   . . .        (no shield)
rNeg    . . .        a - +0 robe
rPois   .            (no helmet)
rElec   .            (no cloak)
rCorr   .            (no gloves)
SInv    .            (no boots)
Will    .....        (no amulet)
Stlth   ++           (no ring)
HPRegen 0.21/turn    (no ring)
MPRegen 0.09/turn

%: guardian spirit
@: no status effects
A: fangs 2, magic shield, antimagic bite, no potion heal 2
a: no special abilities


You were on level 1 of the Dungeon.
You visited 1 branch of the dungeon, and saw 1 of its levels.

Inventory:

Armour
 a - a +0 robe (worn)
Potions
 b - a potion of magic


   Skills:
 + Level 1.5 Dodging
 + Level 2.4 Stealth
 * Level 2.1 Spellcasting
 - Level 1.0 Conjurations
 * Level 3.1 Fire Magic


You had 3 spell levels left.
You knew the following spells:

 Your Spells              Type           Power      Damage    Failure   Level
a - Foxfire               Conj/Fire      28%        2x1d5     10%         1

Your spell library contained the following spells:

 Spells                   Type           Power      Damage    Failure   Level
 Scorch                   Fire           20%        2d5       10%         2
 Inner Flame              Hex/Fire       6%         N/A       34%         3
 Volatile Blastmotes      Fire/Tloc      12%        2d11      34%         3
 Flame Wave               Conj/Fire      7%         2d5       67%         4


Dungeon Overview and Level Annotations

Branches:
Dungeon (1/15)

Altars:

Annotations:
D:1 1 transporter


Innate Abilities, Weirdness & Mutations

You have extremely sharp teeth.
When hurt, damage is shared between your health and your magic reserves.
Your bite disrupts and absorbs the magic of your enemies.
Potions cannot restore your health.


Message History

The giant cockroach is almost dead.
The foxfire hits the giant cockroach but does no damage.
The giant cockroach is almost dead.
The giant cockroach closely misses you.
You conjure some foxfire!
The giant cockroach bites you but does no damage.
You conjure some foxfire!
The foxfire hits the giant cockroach.
You kill the giant cockroach!
Your foxfire dissipates! x3
Magic restored.
A goblin comes into view. It is wielding a +0 club.
Found a sapphire ring.
A goblin is nearby!
A goblin is nearby!
A rat comes into view.
Found a transporter.
The goblin shouts!
The rat moves out of view.
You hit the goblin.
The goblin is severely wounded.
The goblin hits you with a +0 club.
You barely miss the goblin.
The goblin is severely wounded.
The goblin closely misses you.
You closely miss the goblin.
The goblin is severely wounded.
The goblin hits you with a +0 club.
You closely miss the goblin.
The goblin is severely wounded.
The goblin hits you with a +0 club.
You are too injured to fight recklessly!
You are too injured to fight recklessly!
You are too injured to fight recklessly!
The goblin hits you with a +0 club.
* * * LOW HITPOINT WARNING * * *
The goblin misses you. The rat completely misses you.
You hit the rat but do no damage. The goblin hits you with a +0 club.
* * * LOW HITPOINT WARNING * * *
The rat bites you.
You die...

##### .©.# ...
... ##.# ..# ..
##r###....
#g@...+
#####..##.+
##......#
#######..####.#
........## #.#
#........####.###
..#..###........#
.........†......#
..#####.#####...#


You could see a goblin and a rat.

Vanquished Creatures
  A giant cockroach (D:1)
1 creature vanquished.

Vanquished Creatures (others)
  8 foxfires (D:1)
8 creatures vanquished.

Grand Total: 9 creatures vanquished

Notes
Turn   | Place    | Note
-------+----------+-------------------------------------------
     0 | D:1      | GigaChad the Vine Stalker Fire Elementalist began the quest
                  | for the Orb.
     0 | D:1      | Reached XP level 1. HP: 9/9 MP: 4/4
    62 | D:1      | Found a transporter.
    71 | D:1      | Slain by a rat

Illustrated notes

Levels and vault maps discovered:
D:1:      minmay_arrival_four_houses, layout_rooms,
          chequers_ecumenical_altar_island, serial_shops,
          nicolae_shop_drivethru, shop, nicolae_book_shop_shelving,
          nicolae_shop_bloodbath_and_beyond, nicolae_shop_tiny_real_fake_doors,
          chequers_serial_rivers_large_b

Action                     || total
---------------------------++-------
  Melee: Unarmed           ||     5
   Cast: Foxfire           ||     4
 Armour: Robe              ||     1
  Dodge: Dodged            ||     4
